 Dungeon Crawl Stone Soup version 0.22-a0-815-gb582571 (webtiles) character file.

20 Gildeon the Caller (level 2, 0/19 HPs)
             Began as a Barachi Summoner on July 23, 2018.
             Succumbed to an adder's poison
             ... on level 2 of the Dungeon.
             The game lasted 00:09:06 (1285 turns).

Gildeon the Caller (Barachi Summoner)               Turns: 1285, Time: 00:09:06

Health: 0/19       AC:  4    Str:  9    XL:     2   Next: 79%
Magic:  2/5        EV: 12    Int: 15    God:
Gold:   72         SH:  0    Dex: 12    Spells: 3/6 levels left

rFire    + . .     SeeInvis .   f - +0 short sword
rCold    x . .     Gourm    .   (no shield)
rNeg     . . .     Faith    .   a - +0 robe
rPois    .         Spirit   .   g - +0 hat
rElec    .         Reflect  .   k - +1 cloak
rCorr    .         Harm     .   (no gloves)
MR       .....                  (no boots)
Stlth    ++........             (no amulet)
HPRegen  0.06/turn              i - ring of fire
MPRegen  0.09/turn              (no ring)

@: lethally poisoned (0 -> -11), invisible, slow
A: +LOS, swims, slowness 1, strong legs 1
a: Hop


You were on level 2 of the Dungeon.
You were not hungry.

You visited 1 branch of the dungeon, and saw 2 of its levels.

You collected 72 gold pieces.

Inventory:

Hand Weapons
 f - a +0 short sword (weapon)
Armour
 a - a +0 robe (worn)
 g - a +0 hat (worn)
 k - a +1 cloak (worn)
Jewellery
 i - a ring of fire (left hand)
Scrolls
 e - a scroll of noise {unknown}
 l - a scroll of immolation {unknown}
Potions
 b - a potion of magic {unknown}
 h - a potion of cancellation
 j - a potion of agility {unknown}
Comestibles
 c - 4 rations


   Skills:
 + Level 2.4 Dodging
 + Level 2.3 Stealth
 + Level 2.6 Spellcasting
 - Level 5.0 Summonings


You had 3 spell levels left.
You knew the following spells:

 Your Spells              Type           Power        Failure   Level  Hunger
a - Summon Small Mammal   Summ           ###.         2%          1    #......
b - Call Imp              Summ           ###.....     4%          2    ###....

Your spell library contained the following spells:

 Spells                   Type           Power        Failure   Level  Hunger
 Summon Ice Beast         Ice/Summ       #.......     58%         4    #####..
 Call Canine Familiar     Summ           ###.....     8%          3    ###....
 Summon Lightning Spire   Summ/Air       #.......     58%         4    #####..
 Summon Guardian Golem    Hex/Summ       #.......     22%         3    ###....


Dungeon Overview and Level Annotations

Branches:
Dungeon (2/15)

Altars:


Innate Abilities, Weirdness & Mutations

Shadows flee at your approach. (+LOS)
You can swim through water.
You cover ground slowly.
You can hop short distances.


Message History

* * * LOW HITPOINT WARNING * * *
You swap places.
The adder bites your rat.
Your rat dies!
Your rat's corpse disappears in a puff of smoke!
It was a potion of cancellation.
You feel magically purged.
Your magical contamination has completely faded away.
* * * LOW HITPOINT WARNING * * *
You feel sick. The adder barely misses you.
Casting: Summon Small Mammal (safe; 2% risk of failure)
Confirm with . or Enter, or press ? or * to list all spells.
* * * LOW HITPOINT WARNING * * *
You feel sick. The adder bites you but does no damage. The adder bites you.
* * * LOW HITPOINT WARNING * * *
You are more poisoned.
The adder poisons you!
It was a potion of invisibility.
You fade into invisibility!
You die...

*,,,...###..##################
*,*#.......>..........#
*.###################.#
*.............# #.#
*############.# #.# #.# #.#
#r# #.# #S# #.# #@# #.# #.#
#.# #.#######.# #.........#
###########


You could see an adder and a friendly quokka.

Vanquished Creatures
  A giant cockroach (D:1)
  A frilled lizard (D:1)
  2 rats (D:1)
4 creatures vanquished.

Vanquished Creatures (collateral kills)
  An adder (D:2)
  2 dart slugs (D:1)
  A leopard gecko (D:2)
  4 hobgoblins (D:1)
  2 bats (D:1)
  A frilled lizard (D:1)
  2 kobolds
  2 rats (D:1)
15 creatures vanquished.

Grand Total: 19 creatures vanquished

Notes
Turn   | Place    | Note
-------+----------+-------------------------------------------
     0 | D:1      | Gildeon the Barachi Summoner began the quest for the Orb.
     0 | D:1      | Reached XP level 1. HP: 13/13 MP: 3/3
   452 | D:1      | Reached skill level 5 in Summonings
   452 | D:1      | Reached XP level 2. HP: 19/19 MP: 0/5
   456 | D:1      | Learned a level 2 spell: Call Imp
  1285 | D:2      | Succumbed to an adder's poison

Vault maps used:
D:1:      sevenhm_arrival_forest_fort_small_3
D:2:      first_ration, grunt_ministairs_15, serial_bayou_crossing

Skill      XL: |  1 |
---------------+----+-----
Stealth        | 2 |  2.3
Summonings     | 5 |  5.0
Dodging        | |  2.4
Spellcasting   | |  2.6

Action                   || total
-------------------------++-------
Melee: Unarmed           ||     5
       Short sword       ||    14
 Cast: Summon Small Mamm ||    42
  Use: Scroll            ||     2
       Potion            ||     2
 Stab: Sleeping          ||     1
  Eat: Ration            ||     1
       Chunk             ||     1
Armor: Robe              ||     7
Dodge: Dodged            ||    27

Table legend:
 A = Spawn XP
 B = Non-spawn XP
 C = Spawn XP percentage of total XP
 D = Spawn monster count
 E = Non-spawn monster count
 F = Spawn count percentage of total count
 G = Total turns spent on level
                    A         B        C        D         E        F      G
               +---------+---------+-------+---------+---------+-------+---------
         Total |       0 |      29 |   0.0 |       0 |      19 |   0.0 |  1285
               +---------+---------+-------+---------+---------+-------+---------
           D:1 |       0 |      19 |   0.0 |       0 |      16 |   0.0 |  1112
           D:2 |       0 |      10 |   0.0 |       0 |       3 |   0.0 |   173
               +---------+---------+-------+---------+---------+-------+---------
